 Dungeon Crawl Stone Soup version 0.31-a0-174-g85c54bcb58 (webtiles) character file.

Game seed: 15250598197486335289

2859 Anon1729 the Trooper (level 9, -1/81 HPs)
             Began as a Minotaur Monk on June 15, 2023.
             Was a Believer of Uskayaw.
             Slain by a killer bee (5 damage)
             ... on level 11 of the Dungeon.
             The game lasted 00:03:44 (7157 turns).

Anon1729 the Trooper (Minotaur Monk)                Turns: 7157, Time: 00:03:45

Health: -1/81      AC:  7    Str: 16    XL:     9   Next: 47%
Magic:  8/12       EV: 16    Int:  7    God:    Uskayaw [**....]
Gold:   422        SH:  0    Dex: 17    Spells: 8/8 levels left

rFire   + . .        a - +0 short sword
rCold   + . .        d - orb {light}
rNeg    . . .        E - +2 robe {rC+ rF+}
rPois   .            (helmet restricted)
rElec   .            q - +0 cloak
rCorr   .            p - +0 pair of gloves
SInv    .            (no boots)
Will    .....        (no amulet)
Stlth   +            (no ring)
HPRegen 0.33/turn    (no ring)
MPRegen 0.13/turn

%: no passive effects
@: lethally poisoned (-1 -> -6), glowing
A: horns 2, retaliatory headbutt
a: Renounce Religion, Stomp, Line Pass


You were on level 11 of the Dungeon.
You worshipped Uskayaw.
Uskayaw was noncommittal.
You visited 1 branch of the dungeon, and saw 9 of its levels.

You collected 474 gold pieces.
You spent 52 gold pieces at shops.

Inventory:

Hand Weapons
 a - a +0 short sword (weapon)
Missiles
 s - 2 throwing nets
Armour
 b - a +0 robe
 d - an orb of light (worn)
 p - a +0 pair of gloves (worn)
 q - a +0 cloak (worn)
 x - a +0 leather armour of fire resistance
 E - a +2 robe of resistance (worn)
Jewellery
 m - a ring of protection from cold
 y - a ring of ice
 A - a ring of ice
Wands
 o - a wand of iceblast (21)
 w - a wand of paralysis (8)
Scrolls
 e - 3 scrolls of poison {unknown}
 g - 2 scrolls of teleportation {unknown}
 h - 3 scrolls of fear
 k - 3 scrolls of blinking {unknown}
 t - 2 scrolls of fog
 v - 3 scrolls of identify
 B - a scroll of immolation {unknown}
 C - a scroll of revelation {unknown}
 D - a scroll of torment {unknown}
Potions
 c - 2 potions of ambrosia
 f - 2 potions of berserk rage {unknown}
 i - 3 potions of lignification {unknown}
 j - 4 potions of enlightenment {unknown}
 l - 3 potions of attraction {unknown}
 n - a potion of magic {unknown}
 r - 3 potions of degeneration {unknown}
 u - a potion of heal wounds {unknown}
 z - a potion of haste {unknown}
 F - a potion of invisibility {unknown}


   Skills:
 + Level 7.9 Fighting
 + Level 7.2 Short Blades
 + Level 6.9 Armour
 + Level 7.2 Dodging
 + Level 5.7 Invocations


You had 8 spell levels left.
You didn't know any spells.
Your spell library contained the following spells:

 Spells                   Type           Power      Damage    Failure   Level
 Blink                    Tloc           0%         N/A       56%         2
 Poisonous Vapours        Pois/Air       0%         N/A       56%         2
 Hailstorm                Conj/Ice       0%         3d3       80%         3
 Mephitic Cloud           Conj/Pois/Air  0%         N/A       80%         3
 Summon Guardian Golem    Hex/Summ       0%         N/A       80%         3
 Ice Form                 Ice/Tmut       0%         N/A       99%         4
 Manifold Assault         Tloc           0%         N/A       99%         4
 Freezing Cloud           Conj/Ice/Air   0%         6-21      100%        5
 Simulacrum               Ice/Necr       0%         N/A       100%        6
 Orb of Destruction       Conj           0%         9d5       100%        7
 Spellforged Servitor     Conj/Summ      0%         N/A       100%        7
 Storm Form               Tmut/Air       0%         N/A       100%        7


Dungeon Overview and Level Annotations

Branches:
Dungeon (11/15)            Temple (0/1) D:4
   Lair: D:8-11         Orc: D:9-12

Altars:
Ashenzari
Cheibriados
Nemelex Xobeh
Okawaru
Ru
Uskayaw
Vehumet
Wu Jian
The Shining One

Shops:
D:6 ?


Innate Abilities, Weirdness & Mutations

You have a pair of horns on your head.
You reflexively headbutt those who attack you in melee.


Message History

The killer bee misses you. The killer bee stings you. x2
* * * LOW HITPOINT WARNING * * *
The killer bee attacks as you move away!
The killer bee completely misses you.
You feel sick.
The killer bee barely misses you. x2; The killer bee closely misses you.
You furiously retaliate!
You headbutt the killer bee. The killer bee closely misses you.
The killer bee barely misses you.
Uskayaw will force your foes to helplessly watch your dance.
Uskayaw prepares the audience for your solo!
You feel sick.
The komodo dragon enters a dispersal trap!
You blink.
You feel sick.
The killer bee is no longer paralysed. x4
The killer bee stings you.
* * * LOW HITPOINT WARNING * * *
You are more poisoned.
The killer bee poisons you! The killer bee completely misses you.
You furiously retaliate!
You headbutt the killer bee. The killer bee barely misses you. x2
Aiming: Line Pass
Press: ? - help, Dir - move target
Okay, then.
Okay, then.
Aiming: Line Pass
Press: ? - help, Dir - move target The killer bee appears confused.
You feel very sick.
The killer bee is no longer paralysed.
The killer bee barely misses the killer bee.
The killer bee completely misses you. The killer bee misses you.
The killer bee closely misses you. x2
As you read the scroll labelled UGHET FOAGIA, it crumbles to dust.
It is a scroll of identify.
h - 3 scrolls of fear You feel sick.
The killer bee stings you but does no damage.
The killer bee closely misses you. x2; The killer bee stings you.
* * * LOW HITPOINT WARNING * * *
The killer bee stings you.
You die...

............#
...........#
...#..........#
..#..........##
#.#.#.......<..
#.#.#.l......#
#.#l#.y......#
.#.#.y@.....#
#.#.yyy....#
#..........#
###..........
##.........
#..#......
#..####... ..##
..# .##


You could see a komodo dragon and 5 killer bees.

Vanquished Creatures
  Pikel (D:6)
  Grinder (D:3)
  A wraith (D:6)
  3 water moccasins
  2 ice beasts (D:5)
  A sky beast (D:4)
  A centaur (D:8)
  A lemure (D:6)
  2 phantoms
  A kobold brigand (D:7)
  A bullfrog (D:7)
  A gnoll sergeant (D:6)
  2 scorpions
  2 howler monkeys
  An electric eel (D:7)
  2 jellies
  A hound (D:6)
  A gnoll bouda (D:4)
  2 orc priests
  Ijyb (D:3)
  Terence (D:3)
  A sleepcap (D:5)
  3 iguanas
  5 orc wizards
  12 gnolls
  13 adders
  3 white imps
  3 ufetubi
  A worm (D:2)
  15 orcs
  5 bats
  5 endoplasms
  3 giant cockroaches
  7 goblins
  3 hobgoblins
  8 jackals
  6 quokkas
  8 ball pythons
  2 frilled lizards
  12 kobolds
  6 rats
150 creatures vanquished.

Notes
Turn   | Place    | Note
-------+----------+-------------------------------------------
     0 | D:1      | Anon1729 the Minotaur Monk began the quest for the Orb.
     0 | D:1      | Reached XP level 1. HP: 19/19 MP: 0/0
    96 | D:1      | Reached XP level 2. HP: 25/27 MP: 1/1
   132 | D:1      | Reached skill level 1 in Armour
   450 | D:1      | Reached skill level 1 in Invocations
   620 | D:1      | Reached XP level 3. HP: 33/33 MP: 2/2
   942 | D:2      | Reached XP level 4. HP: 40/40 MP: 4/4
  1755 | D:3      | Found a glowing golden altar of the Shining One.
  1852 | D:3      | Reached XP level 5. HP: 18/47 MP: 5/5
  2163 | D:3      | Noticed Ijyb
  2167 | D:3      | Paralysed by Ijyb for 3 turns
  2175 | D:3      | Paralysed by Ijyb for 2 turns
  2179 | D:3      | Killed Ijyb
  2182 | D:3      | Found a faded altar of an unknown god.
  2182 | D:3      | Noticed a golden eye
  2187 | D:3      | Noticed Terence
  2195 | D:3      | Killed Terence
  2303 | D:3      | Noticed an eye of devastation
  2303 | D:3      | Noticed a floating eye
  2303 | D:3      | Noticed a golden eye
  2440 | D:3      | Noticed Grinder
  2454 | D:3      | Killed Grinder
  2455 | D:3      | Reached skill level 5 in Fighting
  2455 | D:3      | Reached XP level 6. HP: 36/56 MP: 5/7
  2623 | D:4      | Noticed a +0 dagger
  2623 | D:4      | Noticed a +0 hand axe
  2630 | D:4      | Found a hide-covered altar of Uskayaw.
  2630 | D:4      | Noticed a sky beast
  2639 | D:4      | Killed a sky beast
  2640 | D:4      | Reached XP level 7. HP: 61/61 MP: 8/8
  2646 | D:4      | Became a worshipper of Uskayaw the Reveller
  2646 | D:4      | Reached * piety under Uskayaw
  2689 | D:4      | Reached ** piety under Uskayaw
  2822 | D:4      | Reached *** piety under Uskayaw
  2824 | D:4      | Reached skill level 5 in Short Blades
  2824 | D:4      | Reached skill level 5 in Dodging
  3322 | D:4      | Found a staircase to the Ecumenical Temple.
  3755 | D:5      | Entered Level 5 of the Dungeon
  4052 | D:5      | Reached XP level 8. HP: 59/70 MP: 9/9
  4288 | D:5      | Found a radiant altar of Vehumet.
  4288 | D:5      | Found a sacrificial altar of Ru.
  4549 | D:5      | Reached skill level 5 in Armour
  4688 | D:5      | Found a snail-covered altar of Cheibriados.
  4691 | D:5      | Found an iron altar of Okawaru.
  4693 | D:5      | Found a sparkling altar of Nemelex Xobeh.
  4701 | D:5      | Found an ornate altar of the Wu Jian Council.
  5034 | D:6      | Reached **** piety under Uskayaw
  5040 | D:6      | Reached ***** piety under Uskayaw
  5393 | D:6      | Found a broken altar of Ashenzari.
  5836 | D:6      | Found Qaixy's Magic Scroll Shop.
  5844 | D:6      | Bought a scroll of fog for 52 gold pieces
  5956 | D:7      | Noticed Pikel
  5986 | D:6      | Killed Pikel
  5987 | D:6      | Reached skill level 5 in Invocations
  5987 | D:6      | Reached XP level 9. HP: 27/79 MP: 3/11
  7125 | D:8      | You fall into a shaft and drop 3 floors!
  7148 | D:11     | Noticed a komodo dragon
  7157 | D:11     | HP: 4/81 [killer bee (5)]
  7157 | D:11     | Slain by a killer bee

Illustrated notes

Levels and vault maps discovered:
D:1:      lemuel_arrival_funnel, layout_basic, serial_forest,
          infiniplex_forest_clump_tiny, infiniplex_forest_end_1,
          infiniplex_forest_lined_1, infiniplex_forest_join,
          infiniplex_forest_clump_tiny, infiniplex_forest_clump_double,
          st_stairs_11
D:2:      layout_loops_ring
D:3:      layout_rooms, tso_oasis_becter,
          hellmonk_ecumenical_altar_watching_god,
          chequers_serial_rivers_large_a, nicolae_half_adder, uniq_ijyb,
          uniq_grinder, uniq_terence
D:4:      nicolae_BIG_FREAKIN_CUBE, layout_loops_ring, dancing_weapons_uskayaw,
          minmay_temple_entry_trees
D:5:      layout_gridville, nicolae_overflow_hallway_of_the_gods,
          hangedman_abyss_or_decor_stabs, kennysheep_generic_room_11
D:6:      layout_loops_cross, mainiacjoe_overflow_24_doors, serial_shops, shop
D:7:      layout_basic, hangedman_abyss_or_decor_passed, nrook_pool_corridor,
          serial_bayou_pond_e, uniq_pikel
D:8:      layout_basic, xom_shifter_show, ebering_ghost_inner_flame
D:11:     layout_layer_cave, grunt_lair_entry_orc_guard_hut,
          serial_co_window_serial, co_window_paths_a, co_window_paths_b,
          co_window_corner_a, co_window_paths_a, co_window_cross_1,
          co_window_of_opportunity_a, co_window_2corner, co_window_broadway_b,
          co_window_broadway_c, co_window_4corner_a, co_window_paths_d,
          glass_columns_a

Skill      XL: |  1  2  3  4  5  6  7  8  9 |
---------------+----------------------------+-----
Armour         | 1 2 3 4 6 |  6.9
Invocations    | 1 2 3 5 |  5.7
Fighting       | 4 5 6 7 |  7.9
Short Blades   | 4 5 6 7 |  7.2
Dodging        | 4 5 6 7 |  7.2

Action                     |  1- 3 |  4- 6 |  7- 9 || total
---------------------------+-------+-------+-------++-------
  Melee: Short sword       |    74 |   108 |   363 ||   545
         Headbutt          |    13 |    32 |   104 ||   149
 Invoke: Line Pass         |       |       |     5 ||     5
  Evoke: Wand              |       |       |     1 ||     1
    Use: Scroll            |       |       |     1 ||     1
   Stab: Paralysed         |       |       |    16 ||    16
         Confused          |       |       |     2 ||     2
 Armour: Robe              |    15 |    12 |    12 ||    39
         Leather armour    |       |     5 |    42 ||    47
  Dodge: Dodged            |    48 |    68 |   218 ||   334

Table legend: (Time is in decaauts)
 A = Elapsed time spent in this place.
 B = Non-inter-level travel time spent in this place.
 C = Inter-level travel time spent in this place.
 D = Time resting spent in this place.
 E = Time spent auto-exploring this place.
 F = Levels seen in this place.
 G = Mean time per level.
                   A        B        C        D        E       F      G
               +--------+--------+--------+--------+--------+-----+--------+
         Total |   7042 |   6807 |    235 |    339 |   5570 |   9 |  782.4 |
       Dungeon |   7042 |   6807 |    235 |    339 |   5570 |   9 |  782.4 |
               +--------+--------+--------+--------+--------+-----+--------+

Top non-repeatable levels by time:
     D:6: 1221 daAuts
     D:5: 1124 daAuts
     D:4: 1110 daAuts
     D:3: 958 daAuts
     D:2: 923 daAuts
     D:7: 775 daAuts
     D:1: 716 daAuts
     D:8: 182 daAuts
    D:11: 29 daAuts
